 Dungeon Crawl Stone Soup version 0.31-a0-466-g98c9adc2b6 (webtiles) character file.

Game seed: 4563137079597457363

48 avis the Changeling (level 3, -4/16 HPs)
             Began as a Felid Shapeshifter on Aug 5, 2023.
             Slain by Robin
             ... wielding a +0 trident
              (8 damage)
             ... on level 2 of the Dungeon.
             The game lasted 00:03:07 (1161 turns).

avis the Changeling (Felid Shapeshifter)            Turns: 1161, Time: 00:03:08

Health: -4/16      AC:  1    Str: 13    XL:     3   Next: 50%
Magic:  4/4        EV: 18    Int:  9    God:
Gold:   58         SH:  0    Dex: 16    Spells: 2/2 levels left
                                        Lives:  0   Deaths: 0

rFire   . .          .
                       - Unarmed
rCold   . . .        (shield unavailable)
rNeg    . . .        (body armour unavailable)
rPois   .            (helmet unavailable)
rElec   .            (cloak unavailable)
rCorr   .            (gloves unavailable)
SInv    +            (boots unavailable)
Will    .....        j - amulet of magic regeneration
Stlth   ++           (no ring)
HPRegen 0.22/turn    (no ring)
MPRegen 0.49/turn

%: no passive effects
@: beast-form, quick
A: beast (slay +2), very small, claws 1, fangs 3, see invisible, speed 1, shaggy
fur 1, stealthy paws, no weapons or thrown items, no armour, multi-lived
a: Begin Untransformation


You were on level 2 of the Dungeon.
You were a hulking beast.
You visited 1 branch of the dungeon, and saw 2 of its levels.

You collected 58 gold pieces.

Inventory:

Jewellery
 j - an amulet of magic regeneration (around neck)
Talismans
 b - a beast talisman (active)
Scrolls
 h - a scroll of enchant armour {unknown}
 k - a scroll of revelation {unknown}
Potions
 a - 2 potions of lignification
 c - a potion of mutation {unknown}
 d - a potion of enlightenment {unknown}
 e - a potion of curing {unknown}
 f - a potion of heal wounds {unknown}
 g - a potion of cancellation {unknown}
 i - a potion of resistance {unknown}


   Skills:
 + Level 2.1 Fighting
 + Level 3.2 Dodging
 - Level 2.0 Stealth
 * Level 3.3 Unarmed Combat
 + Level 3.4 Shapeshifting


You had 2 spell levels left.
You didn't know any spells.
Your spell library was empty.

Dungeon Overview and Level Annotations

Branches:
Dungeon (2/15)

Altars:

Annotations:
D:2 Natasha, Robin


Innate Abilities, Weirdness & Mutations

You are a hulking beast.
Your limbs bulge with bestial killing power. (Slay +2)
You have sharp claws.
You have razor-sharp teeth.
You have supernaturally acute eyesight. (SInv)
You cover ground quickly. (Speed+)
You are covered in fur. (AC +1)
Your paws help you pounce on unaware monsters.
You are incapable of wielding weapons or throwing items.
You cannot wear armour.
You gain extra lives every three experience levels.


Message History

You kill the goblin!
Robin and 2 goblins come into view.
Items here: ))) ††.
You barely miss the goblin. Your claw misses the goblin. The goblin misses you.
Robin says, "A pitiful Cat like you will never find the ORB!"
You closely miss the goblin. Your bite misses the goblin.
The goblin hits you with a +0 club. Robin throws the goblin at you!
You closely miss the goblin. Your bite misses the goblin.
The goblin completely misses you. The goblin hits you with a +0 dagger.
Robin barely misses you.
You claw the goblin!
You kill the goblin!
Robin closely misses you.
You claw the goblin!
You kill the goblin!
Robin hits you from afar with a +0 trident!
Ouch! That really hurt!
* * * LOW HITPOINT WARNING * * *
Natasha, Servant of Life and Death comes into view.
You see here 14 gold pieces.
You now have 58 gold pieces (gained 14).
A goblin comes into view. It is wielding a +0 club.
A goblin comes into view. It is wielding a +0 club.
Robin throws the goblin at you!
* * * LOW HITPOINT WARNING * * *
Natasha hisses angrily.
You scratch the goblin.
The goblin is severely wounded.
A hobgoblin comes into view.
A goblin comes into view. It is wielding a +0 club.
The goblin closely misses you.
You closely miss the goblin.
The goblin is heavily wounded.
The goblin completely misses you.
The hobgoblin shouts!
You scratch the goblin.
You kill the goblin!
Robin hits you from afar with a +0 trident!
Ouch! That really hurt!
You die...

..# ....# # ###.#..#.#>#
## .# ..#.#..#.#.#
....#####g####.#.#..#.#.#
#....)......g#.#.[#.#.#
######)### #..#.#.(#...#
.......)..###..#.#..#.###
.#####...g....g#.#..#<####
####.##g.h).........#
####...#.#.....###
#.#h#.#.#.#.#
#...#.#.#...#
#.#.#.#.#######.
#...#.#.........
#####.########## #.#


You could see Robin, Natasha, a hobgoblin and 2 goblins.

Vanquished Creatures
  Jessica (D:2)
  4 ball pythons
  2 bats (D:1)
  A giant cockroach (D:1)
  6 goblins (D:2)
  4 hobgoblins (D:1)
  A frilled lizard (D:1)
  A kobold (D:1)
  A rat (D:1)
21 creatures vanquished.

Notes
Turn   | Place    | Note
-------+----------+-------------------------------------------
     0 | D:1      | avis the Felid Shapeshifter began the quest for the Orb.
     0 | D:1      | Reached XP level 1. HP: 9/9 MP: 2/2
    56 | D:1      | Reached skill level 1 in Stealth
   100 | D:1      | Found a faded altar of an unknown god.
   196 | D:1      | Reached XP level 2. HP: 12/12 MP: 3/3
   990 | D:2      | Noticed Jessica
   994 | D:2      | Killed Jessica
   995 | D:2      | Reached XP level 3. HP: 7/16 MP: 4/4
  1145 | D:2      | Noticed Robin
  1151 | D:2      | Noticed Natasha
  1161 | D:2      | Slain by Robin

Illustrated notes

Levels and vault maps discovered:
D:1:      lightli_arrival_chessboard, layout_basic,
          nicolae_ecumenical_snake_handling, minmay_hedge_maze,
          nicolae_eternal_life, amcnicky_mini_rare_corridor_liquid,
          minmay_misc_feat_five
D:2:      minmay_evil_eye, layout_basic, minmay_fractal_squares_5, uniq_jessica,
          uniq_natasha, uniq_robin

Skill      XL: |  1  2 |
---------------+-------+-----
Stealth        | 2 |  2.0
Fighting       | 2 |  2.1
Dodging        | 3 |  3.2
Unarmed Combat | |  3.3
Shapeshifting  | |  3.4

Action                     || total
---------------------------++-------
  Melee: Unarmed           ||    40
         Punch             ||     2
         Bite              ||     2
   Stab: Sleeping          ||     4
 Armour: Skin              ||     4
  Dodge: Dodged            ||    26

Table legend: (Time is in decaauts)
 A = Elapsed time spent in this place.
 B = Non-inter-level travel time spent in this place.
 C = Inter-level travel time spent in this place.
 D = Time resting spent in this place.
 E = Time spent auto-exploring this place.
 F = Levels seen in this place.
 G = Mean time per level.
                   A        B        C        D        E       F      G
               +--------+--------+--------+--------+--------+-----+--------+
         Total |    950 |    900 |     50 |     40 |    713 |   2 |  475.0 |
       Dungeon |    950 |    900 |     50 |     40 |    713 |   2 |  475.0 |
               +--------+--------+--------+--------+--------+-----+--------+

Top non-repeatable levels by time:
     D:1: 840 daAuts
     D:2: 110 daAuts
